 Dungeon Crawl Stone Soup version 0.24.0-37-gcf1ca852f1 (webtiles) character file.

Game seed: 17213914080785295448, levelgen mode: deterministic

194 Descartes the Ducker (level 5, -2/25 HPs)
             Began as a Felid Monk on Dec 7, 2019.
             Slain by Grinder (6 damage)
             ... on level 4 of the Dungeon.
             The game lasted 00:08:09 (5712 turns).

Descartes the Ducker (Felid Monk)                   Turns: 5712, Time: 00:08:10

Health: -2/25      AC:  2    Str:  9    XL:     5   Next: 44%
Magic:  6/6        EV: 21    Int: 12    God:
Gold:   126        SH:  0    Dex: 18    Spells: 4/4 levels left
                                        Lives:  0   Deaths: 1

rFire    . . .     SeeInvis +     - Unarmed
rCold    . . .     Gourm    .   (shield unavailable)
rNeg     . . .     Faith    .   (armour unavailable)
rPois    .         Spirit   .   (helmet unavailable)
rElec    .         Reflect  .   (cloak unavailable)
rCorr    .         Harm     .   (gloves unavailable)
MR       .....                  (boots unavailable)
Stlth    +++.......             (no amulet)
HPRegen  0.08/turn              (no ring)
MPRegen  0.10/turn              (no ring)

@: quick
A: very small, no armour, no weapons or thrown items, stealth, claws 1, fangs 3,
see invisible, carnivore, speed 1, shaggy fur 2, slow metabolism 1, sharp paws
a: no special abilities


You were on level 4 of the Dungeon.
You were full.

You visited 1 branch of the dungeon, and saw 4 of its levels.

You collected 126 gold pieces.

Inventory:

Missiles
 b - 126 stones
Wands
 q - a wand of disintegration (6)
Scrolls
 c - a scroll of random uselessness {unknown}
 d - a scroll of remove curse
 n - a scroll of enchant armour {unknown}
 o - 2 scrolls of teleportation
Potions
 e - 3 potions of haste
 g - a potion of agility
 h - a potion of might {unknown}
 i - a potion of degeneration {unknown}
 k - 2 potions of ambrosia
 l - a potion of heal wounds {unknown}
 p - a potion of lignification {unknown}
 r - a potion of mutation {unknown}
Comestibles
 a - 7 rations


   Skills:
 + Level 4.1 Fighting
 + Level 5.5 Dodging
 + Level 4.9 Stealth
 * Level 5.2 Unarmed Combat
 + Level 0.0 Evocations


You had 4 spell levels left.
You didn't know any spells.
Your spell library was empty.

Dungeon Overview and Level Annotations

Branches:
Dungeon (4/15)
 Temple: D:4-7

Altars:
Dithmenos

Annotations:
D:4 Grinder


Innate Abilities, Weirdness & Mutations

You cannot wear armour.
You are incapable of wielding weapons or throwing items.
Your paws allow you to move quietly. (Stealth)
You have sharp claws.
You have razor-sharp teeth.
You have supernaturally acute eyesight. (SInv)
You are carnivorous and can eat meat at any time.
You cover ground quickly.
You are covered in thick fur. (AC +2)
You have a slow metabolism.
Your sharp claws are effective at attacking unaware monsters.


Message History

Grinder shouts!
The adder hisses angrily.
You closely miss Grinder. Your bite misses Grinder. Grinder hits you.
You writhe in agony.
You closely miss Grinder. The adder closely misses you.
Grinder barely misses you.
You barely miss Grinder. The adder bites you. Grinder completely misses you.
A scorpion comes into view.
You scratch Grinder.
Grinder is lightly wounded.
The adder completely misses you. Grinder misses you.
The adder barely misses you.
You scratch Grinder. You bite Grinder.
Grinder is moderately wounded.
Grinder barely misses you. The adder barely misses you.
You closely miss Grinder.
Grinder is moderately wounded.
The adder closely misses you. Grinder hits you.
* * * LOW HITPOINT WARNING * * *
You writhe in agony.
You die...

..........
........
.......
#.....
#....#
#....#
#.S5.#
#.@..#
#....#
#.#### #.
#. #. #.
##


You could see Grinder and an adder.

Vanquished Creatures
  A crimson imp (D:2)
  An orc priest (D:2)
  Ijyb (D:3)
  Natasha (twice) (D:3)
  Terence (D:2)
  2 orc wizards (D:3)
  Robin (D:2)
  4 adders
  3 worms
  The ghost of FishyPogo the Charmwright, a weakling GnSk (D:3)
  2 dart slugs
  2 leopard geckos
  8 orcs
  9 bats
  3 giant cockroaches
  14 goblins
  11 hobgoblins
  9 jackals
  A quokka (D:3)
  2 ball pythons (D:3)
  2 frilled lizards
  3 kobolds (D:1)
  2 rats
85 creatures vanquished.

Notes
Turn   | Place    | Note
-------+----------+-------------------------------------------
     0 | D:1      | Descartes the Felid Monk began the quest for the Orb.
     0 | D:1      | Reached XP level 1. HP: 10/10 MP: 2/2
   358 | D:1      | Reached XP level 2. HP: 12/14 MP: 3/3
  1532 | D:2      | Found a shadowy altar of Dithmenos.
  1635 | D:2      | Noticed Robin
  1648 | D:2      | Reached XP level 3. HP: 17/17 MP: 4/4
  1737 | D:2      | Reached XP level 4. HP: 21/21 MP: 5/5
  1879 | D:2      | Killed Robin
  2090 | D:2      | Noticed Terence
  2362 | D:2      | Killed Terence
  3057 | D:2      | Reached XP level 5. HP: 7/25 MP: 6/6
  3502 | D:2      | Reached skill level 5 in Dodging
  3793 | D:3      | HP: 1/25 [orc/+0 club (4)]
  4330 | D:3      | Noticed Ijyb
  4365 | D:3      | Killed Ijyb
  4572 | D:3      | Noticed Natasha
  4794 | D:2      | Gained mutation: You are covered in thick fur. (AC +2)
                  | [Felid growth]
  4794 | D:2      | Reached XP level 6. HP: 28/28 MP: 7/7
  5032 | D:3      | Killed Natasha
  5032 | D:3      | Reached skill level 5 in Unarmed Combat
  5231 | D:3      | Noticed Natasha
  5238 | D:3      | Killed Natasha
  5536 | D:3      | Found a runed translucent gate.
  5536 | D:3      | Found a runed translucent gate.
  5536 | D:3      | Noticed FishyPogo's ghost (weakling GnSk)
  5537 | D:3      | Found a runed translucent gate.
  5599 | D:3      | Killed FishyPogo's ghost
  5605 | D:3      | HP: 1/28 [adder (2)]
  5606 | D:3      | Succumbed to an adder's poison
  5607 | D:3      | Reached XP level 5. HP: 0/25 MP: 6/6
  5705 | D:4      | Noticed Grinder
  5712 | D:4      | Slain by Grinder

Levels and vault maps discovered:
D:1:      sevenhm_arrival_forest_fort_large_4, layout_basic
D:2:      layout_rooms, lemuel_crystal_altar, bh_walls_and_bars, uniq_robin,
          uniq_terence
D:3:      layout_basic, gammafunk_ghost_split, uniq_ijyb, uniq_natasha
D:4:      layout_basic, first_ration, serial_shops, nicolae_shop_waterfront,
          uniq_blork_the_orc, uniq_grinder

Skill      XL: |  1  2  3  4  5  6 |
---------------+-------------------+-----
Stealth        | 3 4 |  4.9
Unarmed Combat | 4 5 |  5.2
Dodging        | 5 |  5.5
Fighting       | 4 |  4.1

Action                   |  1- 3 |  4- 6 || total
-------------------------+-------+-------++-------
Melee: Unarmed           |    85 |   266 ||   351
       Bite              |    10 |    27 ||    37
       Punch             |       |     7 ||     7
  Use: Scroll            |       |     6 ||     6
 Stab: Sleeping          |     8 |     1 ||     9
       Distracted        |     1 |     2 ||     3
  Eat: Chunk             |     9 |    11 ||    20
Armor: Skin              |     7 |     8 ||    15
Dodge: Dodged            |    63 |   202 ||   265
